 Dungeon Crawl Stone Soup version 0.29-a0-320-g9f8742066b (webtiles) character file.

Game seed: 9428101677118700154

1655911 cojito the Slayer (level 26, 237/237 HPs)
             Began as a Palentonga Warper on Apr 2, 2022.
             Was the Champion of Cheibriados.
             Escaped with the Orb
             ... and 3 runes!
             The game lasted 05:18:07 (70338 turns).

cojito the Slayer (Palentonga Warper)              Turns: 70338, Time: 05:18:07

Health: 237/237    AC: 31    Str: 38    XL:     26   Next: 35%
Magic:  36/36      EV: 21    Int: 45    God:    Cheibriados [******]
Gold:   3435       SH: 26    Dex: 30    Spells: 7/43 levels left

rFire   + + .      SeeInvis +     - Unarmed
rCold   + + .      Faith    .   l - +3 tower shield {rC+}
rNeg    + + .      Spirit   .   N - quicksilver dragon scales
rPois   +          Reflect  .   (helmet restricted)
rElec   +          Harm     .   K - scarf {rC+ rF+}
rCorr   .          Rampage  .   k - +5 pair of gloves of the Moon Troll {Str-3 Int+6 Stlth+}
Will    +++..                   i - +3 barding "Looc Vimn" {rElec rN+ Int+4 Slay+2}
Stlth   ++........              S - amulet of regeneration
HPRegen 1.29/turn               u - ring "Ruatt" {Contam rPois Str+6 Int+5}
MPRegen 0.25/turn               z - ring of Naddoimu {rF+ rN+ Will+ Stlth+}

@: studying 2 skills, very slow
A: large, rugged brown scales 3, see invisible, deformed body, roll 1, armoured
tail, reflexive curl, horns 1, deterioration 2, screaming 2, inability to read
while threatened
0: Orb of Zot
}: 3/15 runes: barnacled, silver, gossamer
a: Rolling Charge, Renounce Religion, Bend Time, Temporal Distortion, Slouch,
Step From Time


You escaped.
You worshipped Cheibriados.
Cheibriados was exalted by your worship.
You visited 9 branches of the dungeon, and saw 48 of its levels.
You visited the Abyss 3 times.
You visited 1 bazaar.
You also visited: Trove, Sewer, Ice Cave, Volcano and Wizlab.

You collected 9778 gold pieces.
You spent 6343 gold pieces at shops.

Inventory:

Missiles
 d - 5 silver javelins
 x - 14 javelins (quivered)
 Z - 3 throwing nets
Armour
 i - the +3 barding "Looc Vimn" (worn) {rElec rN+ Int+4 Slay+2}
   (You acquired it on level 4 of the Shoals)

   Int:       It affects your intelligence (+4).
   Slay:      It affects your accuracy & damage with ranged weapons and melee
   (+2).
   rElec:     It insulates you from electricity.
   rN:        It protects you from negative energy.
 k - the +5 pair of gloves of the Moon Troll (worn) {Str-3 Int+6 Stlth+}
   (You found it on level 5 of the Vaults)

   Str:       It affects your strength (-3).
   Int:       It affects your intelligence (+6).
   Stlth:     It makes you more stealthy.
 l - a +3 tower shield of cold resistance (worn)
 m - a +2 helmet of intelligence
 I - a +2 pair of gloves
 K - a scarf of resistance (worn)
 N - quicksilver dragon scales (worn)
Jewellery
 u - the ring "Ruatt" (left hand) {Contam rPois Str+6 Int+5}
   (You took it off a kobold on level 4 of the Dungeon)

   [ring of strength]

   Str:       It affects your strength (+6).
   Int:       It affects your intelligence (+5).
   rPois:     It protects you from poison.
   Contam:    It causes magical contamination when unequipped.
 y - the ring "Naes Tucw" {rF+ Dex+6 SInv}
   (You bought it in a shop in a bazaar)

   [ring of dexterity]

   Dex:       It affects your dexterity (+6).
   rF:        It protects you from fire.
   SInv:      It lets you see invisible.
 z - the ring of Naddoimu (right hand) {rF+ rN+ Will+ Stlth+}
   (You found it on level 2 of the Abyss)

   [ring of protection from fire]

   rF:        It protects you from fire.
   rN:        It protects you from negative energy.
   Will:      It increases your willpower.
   Stlth:     It makes you more stealthy.
 E - the ring "Ypeh" {+Blink rElec rF+ AC+4}
   (You found it in a treasure trove)

   [ring of protection]

   AC:        It affects your AC (+4).
   rF:        It protects you from fire.
   rElec:     It insulates you from electricity.
   +Blink:    It lets you blink.
 G - the ring "Jacoagug" {rPois Str+6 Stlth+}
   (You took it off a yaktaur captain on level 5 of the Vaults)

   [ring of strength]

   Str:       It affects your strength (+6).
   rPois:     It protects you from poison.
   Stlth:     It makes you more stealthy.
 H - the ring of Daqisism {EV+4 Dex+6}
   (You found it on level 4 of the Shoals)

   [ring of evasion]

   EV:        It affects your evasion (+4).
   Dex:       It affects your dexterity (+6).
 S - an amulet of regeneration (around neck)
 Y - the ring of the Dragon {rPois rN+ rCorr MP+9}
   (You found it in a treasure trove)

   [ring of poison resistance]

   rPois:     It protects you from poison.
   rN:        It protects you from negative energy.
   MP:        It affects your magic capacity (+9).
   rCorr:     It protects you from acid and corrosion.
Wands
 b - a wand of iceblast (21)
 c - a wand of acid (9)
 C - a wand of flame (82)
 J - a wand of mindburst (12)
Scrolls
 a - 2 scrolls of fear
 e - a scroll of magic mapping
 f - 4 scrolls of teleportation
 g - 7 scrolls of blinking
 h - 3 scrolls of holy word
 r - 11 scrolls of fog
 s - 2 scrolls of brand weapon
 v - 4 scrolls of immolation
 F - 4 scrolls of silence
 M - 11 scrolls of amnesia
 V - a scroll of summoning
Potions
 n - 6 potions of brilliance
 o - 12 potions of ambrosia
 p - a potion of cancellation
 q - 7 potions of flight
 t - 6 potions of curing
 B - 6 potions of attraction
 T - a potion of berserk rage
 W - 3 potions of magic
 X - a potion of resistance
Miscellaneous
 w - a box of beasts
 A - a condenser vane
 R - a tin of tremorstones (2/2)


   Skills:
 + Level 21.2 Fighting
 - Level 9.0 Short Blades
 - Level 9.9 Crossbows
 - Level 6.0 Throwing
 + Level 16.8 Armour
 + Level 15.6 Dodging
 - Level 3.0 Stealth
 + Level 15.2 Shields
 + Level 19.1 Unarmed Combat
 - Level 9.0 Spellcasting
 - Level 3.0 Conjurations
 - Level 4.0 Hexes
 - Level 5.0 Translocations
 - Level 16.0 Transmutations
 - Level 5.2 Ice Magic
 - Level 3.0 Air Magic
 - Level 8.0 Earth Magic
 - Level 3.0 Poison Magic
 * Level 10.3 Invocations


You had 7 spell levels left.
You knew the following spells:

 Your Spells              Type           Power      Damage    Failure   Level
a - Blink                 Tloc           100%       N/A       1%          2
b - Portal Projectile     Hex/Tloc       100%       N/A       1%          3
c - Teleport Other        Tloc           60%        N/A       1%          3
d - Ozocubu's Armour      Ice            61%        N/A       1%          3
e - Mephitic Cloud        Conj/Pois/Air  47%        N/A       3%          3
f - Blade Hands           Tmut           52%        N/A       1%          5
g - Ice Form              Ice/Tmut       86%        N/A       1%          4
h - Statue Form           Tmut/Erth      60%        N/A       4%          6
i - Dragon Form           Tmut           52%        N/A       5%          7

Your spell library contained the following spells:

 Spells                   Type           Power      Damage    Failure   Level
 Beastly Appendage        Tmut           100%       N/A       0%          1
 Wereblood                Tmut           100%       N/A       0%          2
 Freeze                   Ice            100%       1d11      1%          1
 Magic Dart               Conj           100%       1d8       1%          1
 Shock                    Conj/Air       100%       1d9       1%          1
 Sting                    Tmut/Pois      100%       1d8       1%          1
 Ensorcelled Hibernation  Hex/Ice        100%       N/A       1%          2
 Passwall                 Tmut/Erth      75%        N/A       1%          2
 Searing Ray              Conj           94%        2d7       1%          2
 Static Discharge         Conj/Air       47%        N/A       1%          2
 Frozen Ramparts          Ice            100%       1d12      1%          3
 Gell's Gravitas          Tloc           60%        N/A       1%          3
 Ignite Poison            Fire/Tmut/Pois 67%        N/A       1%          3
 Lesser Beckoning         Tloc           60%        N/A       1%          3
 Spider Form              Tmut/Pois      82%        N/A       1%          3
 Stone Arrow              Conj/Erth      100%       3d13      1%          3
 Petrify                  Tmut/Erth      91%        N/A       1%          4
 Tukima's Dance           Hex            54%        N/A       2%          3
 Alistair's Intoxication  Tmut/Pois      54%        N/A       2%          5
 Irradiate                Conj/Tmut      41%        3d27      2%          5
 Dazzling Flash           Conj/Hex       100%       N/A       3%          3
 Swiftness                Air            47%        N/A       3%          3
 Leda's Liquefaction      Hex/Erth       32%        N/A       3%          4
 Animate Skeleton         Necr           40%        N/A       4%          1
 Pain                     Necr           80%        1d8       4%          1
 Lee's Rapid Deconstruct  Erth           37%        3d20*     4%          5
 Passage of Golubria      Tloc           60%        N/A       5%          4
 Inner Flame              Hex/Fire       38%        N/A       6%          3
 Summon Guardian Golem    Hex/Summ       38%        N/A       6%          3
 Call Imp                 Summ           20%        N/A       7%          2
 Scorch                   Fire           40%        2d7       7%          2
 Sublimation of Blood     Necr           20%        N/A       7%          2
 Conjure Flame            Conj/Fire      33%        6-21      7%          3
 Animate Armour           Summ/Erth      100%       N/A       9%          4
 Cause Fear               Hex            27%        N/A       9%          4
 Hailstorm                Conj/Ice       55%        3d12      9%          4
 Iskenderun's Mystic Bla  Conj/Tloc      54%        2d12      9%          4
 Fulminant Prism          Conj/Hex       25%        3d14      11%         4
 Call Canine Familiar     Summ           20%        N/A       13%         3
 Vampiric Draining        Necr           20%        2d7       13%         3
 Airstrike                Air            23%        N/A       13%         4
 Summon Ice Beast         Ice/Summ       43%        N/A       16%         4
 Manifold Assault         Tloc           60%        N/A       16%         5
 Anguish                  Hex/Necr       19%        N/A       19%         4
 Metabolic Englaciation   Hex/Ice        29%        N/A       19%         5
 Flame Wave               Conj/Fire      33%        2d8       24%         4
 Sticky Flame             Conj/Fire      33%        2d5       24%         4
 Freezing Cloud           Conj/Ice/Air   26%        6-21      26%         5
 Silence                  Hex/Air        25%        N/A       28%         5
 Iskenderun's Battlesphe  Conj           47%        2d10      34%         5
 Lightning Bolt           Conj/Air       23%        1d39      34%         5
 Animate Dead             Necr           10%        N/A       41%         4
 Dispel Undead            Necr           20%        3d11      41%         4
 Summon Forest            Summ/Tloc      21%        N/A       41%         5
 Summon Mana Viper        Hex/Summ       38%        N/A       47%         5
 Fireball                 Conj/Fire      16%        3d8       54%         5
 Iron Shot                Conj/Erth      31%        9d6       56%         6
 Storm Form               Tmut/Air       41%        N/A       58%         7
 Agony                    Necr           20%        N/A       77%         5
 Excruciating Wounds      Necr           10%        N/A       77%         5
 Simulacrum               Ice/Necr       21%        N/A       93%         6
 Starburst                Conj/Fire      16%        6d6       98%         6
 Ozocubu's Refrigeration  Ice            30%        4d11      99%         7
 Summon Cactus Giant      Summ           10%        N/A       100%        6
 Enfeeble                 Hex            27%        N/A       100%        7
 Haunt                    Necr/Summ      10%        N/A       100%        7
 Malign Gateway           Summ/Tloc      21%        N/A       100%        7
 Monstrous Menagerie      Summ           10%        N/A       100%        7
 Orb of Destruction       Conj           23%        9d8       100%        7
 Spellforged Servitor     Conj/Summ      16%        N/A       100%        7
 Summon Hydra             Summ           10%        N/A       100%        7
 Discord                  Hex            27%        N/A       100%        8
 Ignition                 Fire           10%        3d5       100%        8
 Lehudib's Crystal Spear  Conj/Erth      31%        10d8      100%        8
 Maxwell's Capacitive Co  Air            23%        ∞         100%        8
 Dragon's Call            Summ           10%        N/A       100%        9
 Polar Vortex             Ice            30%        N/A       100%        9


Dungeon Overview and Level Annotations

Branches:
Dungeon (15/15)            Temple (0/1) D:6            Lair (6/6) D:10
 Shoals (4/4) Lair:4       Spider (4/4) Lair:3        Slime (0/5) Lair:5
    Orc (2/2) D:11            Elf (3/3) Orc:2        Vaults (5/5) D:13
  Crypt (0/3) Vaults:3     Depths (4/4) D:15            Zot (5/5) Depths:4
  Sewer (visited)           IceCv (visited)         Volcano (visited)
 WizLab (visited)

Altars:
Ashenzari
Cheibriados
Gozag
Hepliaklqana
Kikubaaqudgha
Nemelex Xobeh
Okawaru
Xom
Yredelemnul
Beogh

Shops:
D:4 *   D:11 [   Orc:2 :*([[   Shoals:3 *   Shoals:4 ?   Vaults:4 [
Depths:1 ==[[*[

Portals:
Hell: Depths:1 Depths:2 Depths:3 Depths:4
Abyss: Depths:1 Depths:3 Depths:4
Pandemonium: Depths:2
Ziggurat: Depths:4

Annotations:
Lair:4 2 runed translucent doors, SirDiesAlot's ghost, journeyman DEEE
Elf:2 3 runed translucent doors
Vaults:1 3 runed translucent doors, Vatovie's ghost, veteran MiFi
Depths:3 17 exclusions
Zot:1 exclusion: door
Zot:5 exclusion: orange crystal statue


Innate Abilities, Weirdness & Mutations

You are completely covered in rugged brown scales. (AC +3, +7% HP)
You have supernaturally acute eyesight. (SInv)
Armour fits poorly on your strangely shaped body.
You can roll at nearby foes to attack.
You have a long armoured tail.
You curl defensively after being hit. (AC +7*)
You have a pair of small horns on your head.
Your body often deteriorates upon taking damage.
You frequently scream uncontrollably at your foes.
You sometimes lose the ability to read scrolls when taking damage.


Message History

You headbutt the demonspawn warmonger! You tail-slap the demonspawn warmonger!
The demonspawn warmonger is severely wounded.
You block the demonspawn warmonger's attack. x2
The demonspawn warmonger gores you.
The demonspawn warmonger invokes the aid of its god against you.
Your magic feels tainted.
You block the demonspawn warmonger's attack. x2
The demonspawn warmonger gores you but does no damage.
You hit the demonspawn warmonger but do no damage.
You headbutt the demonspawn warmonger.
The demonspawn warmonger is severely wounded.
You block the demonspawn warmonger's attack. x2
The demonspawn warmonger gores you but does no damage.
The demonspawn warmonger blocks your attack.
You tail-slap the demonspawn warmonger!
The demonspawn warmonger is almost dead.
The demonspawn warmonger mumbles some strange prayers to its god against you.
Your magic feels more tainted.
The demonspawn warmonger blocks your attack.
The demonspawn warmonger is almost dead.
The demonspawn warmonger hits you with a +0 demon trident of venom!!
You block the demonspawn warmonger's attack. x2
You squash the demonspawn warmonger like an ant!!!
You kill the demonspawn warmonger!
Cheibriados appreciates the change of pace.
You revert to your normal fleshy form.
The +5 pair of gloves of the Moon Troll {Str-3 Int+6 Stlth+} unmelds from your body.
The +3 barding "Looc Vimn" {rElec rN+ Int+4 Slay+2} unmelds from your body.
Your quicksilver dragon scales unmelds from your body.
Things that are here:
a +2 demon blade of venom; a +0 scale mail You start to feel less resistant.
You feel a little less clever now.
Your resistance to elements expires.
HP restored.
Your magic seems less tainted.
You see here a +0 whip.
The frilled lizard hisses angrily.
The polar bear growls angrily.
There is a staircase leading out of the dungeon here.
You have escaped!

### ##.# ##.## ##.##
##.## # ##.## ###.##
###########
.#.#####........@#
#.## #....##########
### #.............###
#...............#
######.8..#######..8.#
.....#....#NDhlw#....#
######.8..#######..8.#
#...............#
###.8.......8.###


There were no monsters in sight!

Vanquished Creatures
  A dread lich (Depths:3)
  5 ancient liches
  8 orbs of fire
  Mara (Vaults:5)
  Sojobo (Vaults:2)
  Frederick (Vaults:5)
  Boris (Vaults:5)
  Saint Roka (Depths:1)
  A caustic shrike (Depths:2)
  3 Killer Klowns (Zot:5)
  5 golden dragons
  2 pandemonium lords
  Xtahua (Vaults:5)
  A bone dragon (Abyss:4)
  2 electric golems (Zot:5)
  4 Brimstone Fiends
  A hellephant (Depths:1)
  2 Hell Sentinels
  16 tentacled monstrosities
  An Ice Fiend (D:7)
  4 liches
  25 Orb Guardians
  A deep elf blademaster (Elf:3)
  Polyphemus (Shoals:3)
  8 titans
  A walking divine tome (Depths:2)
  3 deep elf master archers (Elf:3)
  8 quicksilver dragons
  9 tentacled starspawn
  The ghost of rrossfarrar the Sabretooth, an adept FeBe of Trog (Elf:1)
  An Executioner (D:1)
  6 death cobs
  13 shadow dragons
  4 krakens
  5 sphinxes
  13 storm dragons
  A draconian monk (Zot:2)
  13 tengu reavers
  Roxanne (Spider:4)
  A demonspawn warmonger (D:1)
  9 frost giants
  3 emperor scorpions
  4 balrugs
  13 fire giants
  3 draconian scorchers
  4 iron dragons
  6 draconian knights
  23 vault wardens
  9 deep elf sorcerers
  Aizul (Spider:4)
  Louise (Depths:1)
  A curse skull (Depths:3)
  3 orc warlords
  9 draconian shifters
  A cacodemon (Depths:2)
  7 ghost moths
  6 deep elf elementalists (Elf:3)
  3 spriggan defenders (Depths:2)
  A demonspawn corrupter (D:1)
  4 reapers
  13 draconian annihilators
  15 stone giants
  2 war gargoyles
  15 ironbound preservers
  3 draconian stormcallers
  31 very ugly things
  A broodmother (Spider:1)
  8 deep elf demonologists
  7 ironbound thunderhulks
  3 vampire knights
  7 black draconians
  9 deep elf annihilators
  16 green draconians
  26 purple draconians
  17 yellow draconians
  A spark wasp (shapeshifter) (D:12)
  9 red draconians
  11 white draconians
  Azrael (Spider:1)
  6 entropy weavers
  A minotaur (shapeshifter) (Vaults:2)
  2 lorocyprocas
  9 statues (WizLab)
  6 spark wasps
  3 blizzard demons
  14 dire elephants
  4 merfolk javelineers (Shoals:4)
  8 deep elf death magi
  An eidolon (Vaults:1)
  10 ettins
  Josephine (Orc:1)
  11 yaktaur captains
  6 deep elf high priests
  10 fire dragons
  6 merfolk impalers
  10 ice dragons
  A peacekeeper (Vaults:1)
  3 rakshasas
  11 great orbs of eyes
  33 vault guards
  15 hydras
  4 radroaches
  9 two-headed ogres
  5 jorogumos
  An ogre mage (Depths:3)
  6 spriggan air magi
  2 catoblepae
  6 boulder beetles
  5 merfolk avatars
  11 centaur warriors
  13 ironbound frosthearts
  12 dancing weapons
  2 satyrs
  2 alligator snapping turtles
  2 merfolk aquamancers (Shoals:4)
  5 deep troll shamans
  9 hell hogs
  7 tengu warriors
  9 deep troll earth magi
  8 spriggan berserkers
  A vampire mage (Depths:2)
  The ghost of IdlyInterested the Basher, a novice DsFi (D:12)
  5 thrashing horrors (Abyss:2)
  12 death yaks
  2 shock serpents (shapeshifter) (Abyss:2)
  2 orc high priests
  6 hell knights (Depths:3)
  14 sun demons
  Nergalle (D:10)
  11 deep elf knights
  A titan skeleton (Abyss:4)
  13 soul eaters
  4 wretched stars (Abyss:2)
  3 sun moths
  A sixfirhy (Depths:2)
  3 iron trolls
  7 sea snakes
  A goliath frog (shapeshifter) (Vaults:5)
  4 pharaoh ants
  A shadow demon (D:1)
  14 steelbarb worms
  44 deep trolls
  A spatial maelstrom (Abyss:2)
  A death drake (shapeshifter) (D:14)
  7 glowing orange brains
  20 orb spiders
  7 wizards
  5 flayed ghosts
  11 deep elf archers
  19 ironbound convokers
  11 lindwurms
  6 phantasmal warriors
  Pikel (D:5)
  33 deep elf pyromancers
  9 orc knights
  37 ugly things
  7 necromancers
  24 wolf spiders
  27 deep elf zephyrmancers
  32 harpies
  3 cyclopes
  2 orc sorcerers (Orc:2)
  21 moths of wrath
  8 fauns
  18 manticores
  3 worldbinders
  5 elephants (Lair:2)
  5 salamanders
  4 rust devils
  10 merfolk sirens
  2 ice statues (IceCv)
  6 black mambas
  An eye of devastation (Depths:4)
  6 water nymphs
  4 molten gargoyles
  7 torpor snails
  9 smoke demons
  13 cane toads
  12 vault sentinels
  Maggie (D:10)
  4 gargoyles
  3 orange demons
  A rime drake (Lair:5)
  27 yaktaurs
  2 unseen horrors
  6 freezing wraiths
  3 demonic crawlers
  4 kobold demonologists
  2 anaconda simulacra (IceCv)
  5 ancient zymes (Abyss:2)
  An efreet (Abyss:4)
  5 ice devils
  4 entropy weaver simulacra (IceCv)
  2 hellwings
  A komodo dragon (shapeshifter) (Vaults:5)
  4 red devils (Elf:2)
  9 komodo dragons
  A silent spectre (Depths:3)
  17 tengu conjurers
  3 tormentors
  10 trolls
  A wolf spider simulacrum (D:15)
  16 merfolk
  A polar bear (Lair:1)
  6 wind drakes
  12 raiju
  A meliai (shapeshifter) (D:13)
  35 tarantellas
  11 hornets
  13 blink frogs
  7 dream sheep
  12 snapping turtles
  30 slime creatures
  A dream sheep (shapeshifter) (Vaults:5)
  29 jumping spiders
  8 water elementals
  3 shadows (D:9)
  An air elemental (Elf:3)
  2 dire elephant simulacra (IceCv)
  4 ynoxinuls
  A spriggan (shapeshifter) (Abyss:4)
  5 spriggans
  10 wyverns
  15 culicivoras
  13 basilisks
  47 yaks
  5 fire elementals
  3 fire bats (Abyss:2)
  10 wraiths
  2 death yak simulacra
  4 vampires
  40 redbacks
  6 vampire mosquitoes
  6 golden eyes (Zot:1)
  5 steam dragons
  2 neqoxecs (Abyss:2)
  5 chaos spawn
  17 large abominations
  2 harpy simulacra (IceCv)
  5 wargs
  2 spatial vortices (Abyss:2)
  13 water moccasins
  2 acid dragons
  4 floating eyes
  4 ice beasts
  9 hell hounds
  2 sky beasts
  38 orc warriors
  A black bear (D:8)
  3 ogres
  34 starcursed masses
  5 boggarts (D:15)
  7 wolves
  3 centaurs
  2 kobold brigands (D:9)
  A phantom (D:6)
  Blork the orc (D:4)
  2 elf zombies (Elf:1)
  A bullfrog (shapeshifter) (Vaults:5)
  7 bullfrogs
  A gnoll sergeant (D:13)
  2 two-headed ogre simulacra (Orc:1)
  A cane toad simulacrum (IceCv)
  3 earth elementals
  5 wights
  11 small abominations
  2 elephant simulacra
  9 killer bees
  8 howler monkeys
  2 crimson imps
  A centaur zombie (D:9)
  5 lava snakes (Lair:6)
  3 hounds
  An iron imp (Abyss:2)
  A gnoll shaman (D:7)
  30 orc priests
  3 centaur skeletons (D:9)
  3 iguanas
  Ijyb (D:3)
  27 orc wizards
  A hell rat (Sewer)
  2 spriggan simulacra (Orc:1)
  A troll simulacrum (Orc:1)
  A polar bear simulacrum (IceCv)
  2 wolf simulacra
  A centaur simulacrum (D:9)
  10 gnolls
  6 adders
  2 river rats
  3 shadow imps
  4 white imps
  An ufetubus (IceCv)
  3 worms
  4 dart slugs
  76 orcs
  5 endoplasms
  3 giant cockroaches
  18 goblins
  12 hobgoblins
  5 jackals
  13 kobolds
  6 quokkas
  3 ball pythons
  6 bats
  10 frilled lizards
  9 rats
  A spectral orc (D:13)
  2 starspawn tentacles (Abyss:2)
  9 tentacles
2310 creatures vanquished.

Vanquished Creatures (collateral kills)
  Arachne (Spider:2)
  A jorogumo (Spider:2)
  A two-headed ogre (D:9)
  A wolf spider (Spider:3)
  A moth of wrath (Spider:1)
  3 redbacks
  A hound (D:6)
9 creatures vanquished.

Vanquished Creatures (others)
  2 death cobs (Zot:1)
  A frost giant (Depths:2)
  A red draconian (Zot:1)
  A fire dragon (Depths:2)
  A merfolk aquamancer (Shoals:4)
  A dancing weapon (Elf:3)
  A lindwurm (Lair:6)
  A deep elf zephyrmancer (Elf:2)
  3 jumping spiders
  A human (Depths:3)
  2 orc warriors (Elf:3)
  An orc (Elf:3)
  21 fungi
  2 lurking horrors (Abyss:4)
  93 plants
  20 starspawn tentacles
  55 tentacles
207 creatures vanquished.

Grand Total: 2526 creatures vanquished

Notes
Turn   | Place    | Note
-------+----------+-------------------------------------------
     0 | D:1      | cojito the Palentonga Warper began the quest for the Orb.
     0 | D:1      | Reached XP level 1. HP: 17/17 MP: 3/3
     6 | D:1      | Noticed a salamander
     6 | D:1      | Noticed an eight-headed hydra
     7 | D:1      | Noticed a polar bear
     7 | D:1      | Noticed a swamp worm
   539 | D:1      | Reached XP level 2. HP: 24/24 MP: 5/5
  1180 | D:1      | Reached XP level 3. HP: 20/29 MP: 6/6
  1384 | D:1      | Found a faded altar of an unknown god.
  1549 | D:1      | Reached skill level 3 in Fighting
  1710 | D:2      | Found a snail-covered altar of Cheibriados.
  2661 | D:3      | Reached XP level 4. HP: 37/37 MP: 7/7
  2917 | D:3      | Noticed Ijyb
  2926 | D:3      | Killed Ijyb
  3245 | D:4      | Reached XP level 5. HP: 21/43 MP: 8/8
  3256 | D:4      | HP: 2/44 [orc wizard/magic dart (9)]
  3643 | D:4      | Identified the ring "Ruatt" {Contam rPois Str+6 Int+5}
  3644 | D:4      | Noticed Blork the orc
  3687 | D:4      | Killed Blork the orc
  3688 | D:4      | Reached skill level 4 in Fighting
  3688 | D:4      | Reached XP level 6. HP: 32/51 MP: 9/9
  4100 | D:4      | Learned a level 2 spell: Blink
  4104 | D:4      | Learned a level 3 spell: Portal Projectile
  4171 | D:4      | Found Xiphelih's Neck Hole.
  4218 | D:2      | Became a worshipper of Cheibriados the Contemplative
  4241 | D:4      | Learned a level 3 spell: Teleport Other
  4296 | D:4      | Bought a +0 cloak for 45 gold pieces
  4471 | D:4      | Reached skill level 1 in Hexes
  4762 | D:5      | Entered Level 5 of the Dungeon
  4789 | D:5      | Noticed Pikel
  4797 | D:5      | Killed Pikel
  4798 | D:5      | Reached skill level 5 in Fighting
  4798 | D:5      | Reached skill level 5 in Short Blades
  4798 | D:5      | Gained mutation: You curl defensively after being hit. (AC
                  | +7*) [Palentonga growth]
  4798 | D:5      | Reached XP level 7. HP: 59/59 MP: 10/10
  4854 | D:5      | Reached XP level 8. HP: 48/66 MP: 11/11
  4920 | D:5      | Found a glowing drain.
  4982 | Sewer    | Entered a sewer
  5191 | D:5      | Reached * piety under Cheibriados
  5580 | D:5      | Found a shimmering altar of Xom.
  6404 | D:6      | Identified the +6 war axe of Idac {flame, rC+ Str+2}
  6434 | D:6      | Reached ** piety under Cheibriados
  6446 | D:6      | Learned a level 3 spell: Ozocubu's Armour
  6576 | D:6      | Found a staircase to the Ecumenical Temple.
  6989 | D:6      | Reached skill level 6 in Fighting
  6989 | D:6      | Reached skill level 5 in Translocations
  7382 | D:7      | Reached skill level 1 in Throwing
  7382 | D:7      | Reached XP level 9. HP: 73/73 MP: 12/12
  7456 | D:6      | Reached skill level 5 in Dodging
  7936 | D:7      | Reached skill level 7 in Fighting
  8332 | D:7      | Reached *** piety under Cheibriados
  8891 | D:4      | Bought an amulet of regeneration for 300 gold pieces
  9197 | D:8      | Reached XP level 10. HP: 43/84 MP: 13/13
  9602 | D:8      | Reached skill level 1 in Ice Magic
  9804 | D:9      | Noticed a two-headed ogre
  9817 | D:9      | Killed a two-headed ogre
  9919 | D:9      | Reached **** piety under Cheibriados
  9920 | D:9      | Reached skill level 8 in Fighting
 10193 | D:9      | Found a flagged portal.
 10193 | D:9      | Noticed a cyan ugly thing
 10199 | D:9      | Killed a cyan ugly thing
 10224 | D:9      | Reached XP level 11. HP: 79/93 MP: 17/17
 10356 | D:9      | Noticed a tengu warrior
 10370 | D:9      | Killed a tengu warrior
 10505 | D:9      | Reached ***** piety under Cheibriados
 10644 | D:8      | Learned a level 3 spell: Mephitic Cloud
 10681 | D:9      | Paralysed by a hornet for 2 turns
 11012 | D:10     | Entered Level 10 of the Dungeon
 11038 | D:10     | Noticed a two-headed ogre
 11049 | D:10     | Noticed Urug
 11051 | D:10     | Noticed Urug
 11051 | D:10     | Urug changed into Urug the yak
 11066 | D:10     | Killed Urug the yak
 11071 | D:10     | Killed a two-headed ogre
 11072 | D:10     | Reached skill level 1 in Conjurations
 11167 | D:10     | Noticed Nergalle
 11174 | D:10     | Reached skill level 1 in Poison Magic
 11178 | D:10     | Killed Nergalle
 11286 | D:10     | Noticed a two-headed ogre
 11293 | D:10     | Killed a two-headed ogre
 11387 | D:10     | Found a broken altar of Ashenzari.
 11500 | D:10     | Noticed a two-headed ogre
 11507 | D:10     | Killed a two-headed ogre
 11508 | D:10     | Reached skill level 9 in Fighting
 11608 | D:10     | Found a staircase to the Lair.
 11622 | D:10     | Noticed a two-headed ogre
 11630 | D:10     | Identified the +8 mace of Wu Jian's Regard {flame, Str+5}
 11644 | D:10     | Noticed a centaur warrior
 11649 | D:10     | Killed a centaur warrior
 11650 | D:10     | Reached skill level 5 in Spellcasting
 11691 | D:10     | Killed a two-headed ogre
 11692 | D:10     | Reached skill level 5 in Throwing
 11742 | D:10     | Noticed Maggie
 11752 | D:10     | Killed Maggie
 11900 | D:10     | Found an iron altar of Okawaru.
 12089 | Lair:1   | Entered Level 1 of the Lair of Beasts
 12190 | Lair:1   | Reached skill level 1 in Invocations
 12300 | Lair:1   | Reached XP level 12. HP: 101/101 MP: 19/19
 12304 | Lair:1   | Noticed an eight-headed hydra
 12316 | Lair:1   | Killed an eight-headed hydra
 12334 | Lair:1   | Noticed a six-headed hydra
 12487 | Lair:1   | Killed a six-headed hydra
 12928 | Lair:2   | Identified the +3 war axe "Laomuom" {vamp, rF+ Will- Int+6
                  | Dex+4}
 13541 | Lair:2   | Reached skill level 5 in Ice Magic
 13863 | Lair:3   | Noticed a death yak
 13864 | Lair:3   | Reached skill level 5 in Invocations
 13983 | Lair:3   | Reached skill level 1 in Stealth
 14071 | Lair:3   | Learned a level 5 spell: Blade Hands
 14125 | Lair:3   | Noticed a death yak
 14125 | Lair:3   | Noticed a death yak
 14126 | Lair:3   | Noticed a death yak
 14126 | Lair:3   | Noticed a death yak
 14141 | Lair:3   | Killed a death yak
 14147 | Lair:3   | Killed a death yak
 14148 | Lair:3   | Reached skill level 1 in Unarmed Combat
 14148 | Lair:3   | Reached skill level 1 in Transmutations
 14151 | Lair:3   | Reached XP level 13. HP: 90/110 MP: 10/22
 14158 | Lair:3   | Reached skill level 10 in Fighting
 14640 | Lair:3   | Found a hole to the Spider Nest.
 15347 | Lair:4   | Found a staircase to the Shoals.
 15469 | Lair:4   | Found a large runed translucent door.
 15469 | Lair:4   | Found a large runed translucent door.
 15473 | Lair:4   | Noticed SirDiesAlot's ghost (journeyman DEEE)
 15762 | Lair:5   | Found a staircase to the Slime Pits.
 15997 | Lair:5   | Learned a level 4 spell: Ice Form
 16297 | Lair:5   | Identified a scroll of acquirement
 16299 | Lair:5   | Acquired 800 gold pieces
 16816 | Lair:6   | Entered Level 6 of the Lair of Beasts
 16824 | Lair:6   | Found a dark tunnel.
 16833 | Volcano  | Entered a volcano
 16857 | Volcano  | Reached skill level 5 in Unarmed Combat
 16857 | Volcano  | Reached skill level 5 in Transmutations
 16999 | Volcano  | Noticed a red draconian
 17005 | Volcano  | Killed a red draconian
 17694 | Lair:6   | Reached ****** piety under Cheibriados
 17695 | Lair:6   | Reached XP level 14. HP: 105/118 MP: 21/24
 17757 | Lair:6   | Reached skill level 1 in Armour
 18090 | Lair:6   | Found a large runed translucent door.
 18091 | Lair:6   | Found a large runed translucent door.
 18918 | D:11     | Found a staircase to the Orcish Mines.
 18918 | D:11     | Found Burche's Armour Emporium.
 18929 | D:11     | Gained mutation: Your body sometimes deteriorates upon
                  | taking damage. [mutagenic glow]
 18952 | D:11     | Lost mutation: Your body sometimes deteriorates upon taking
                  | damage. [potion of mutation]
 18952 | D:11     | Gained mutation: Your mind is acute. (Int +2) [potion of
                  | mutation]
 18952 | D:11     | Gained mutation: Your flesh is cold resistant. (rC+)
                  | [potion of mutation]
 18952 | D:11     | Gained mutation: You have sharp fingernails. [potion of
                  | mutation]
 19377 | Orc:1    | Entered Level 1 of the Orcish Mines
 19377 | Orc:1    | Found a frozen archway.
 19425 | Orc:1    | Reached skill level 11 in Fighting
 19429 | Orc:1    | Noticed Josephine
 19519 | Orc:1    | Killed Josephine
 19563 | IceCv    | Entered an ice cave
 19964 | IceCv    | Noticed a reaper
 20113 | IceCv    | Killed a reaper
 20231 | Orc:1    | Noticed Erica
 20232 | Orc:1    | Noticed Erica
 20232 | Orc:1    | Erica changed into Erica the moth of wrath
 20233 | Orc:1    | Killed Erica the moth of wrath
 20395 | Orc:1    | You fall into a shaft and drop 1 floor!
 20395 | Orc:2    | Entered Level 2 of the Orcish Mines
 20395 | Orc:2    | Found a staircase to the Elven Halls.
 20654 | Orc:2    | Found Renamout's Armour Emporium.
 20875 | Orc:2    | Noticed an orc warlord
 21024 | Orc:2    | Found Koisoh's General Store.
 21031 | Orc:2    | Found Daruthren's Book Emporium.
 21118 | Orc:2    | Bought a scroll of identify for 26 gold pieces
 21118 | Orc:2    | Bought a scroll of teleportation for 39 gold pieces
 21118 | Orc:2    | Bought a potion of cancellation for 104 gold pieces
 21118 | Orc:2    | Bought a potion of might for 52 gold pieces
 21125 | Orc:2    | Bought 2 silver javelins for 62 gold pieces
 21125 | Orc:2    | Bought a wand of iceblast (6) for 130 gold pieces
 21159 | Orc:2    | Bought a book of the Dragon for 598 gold pieces
 21225 | Orc:2    | Found Caish's Antique Armour Emporium.
 21489 | Orc:2    | Killed an orc warlord
 21588 | Orc:2    | Found Ybrem's Antique Weapon Emporium.
 22088 | D:12     | Reached skill level 1 in Shields
 22094 | D:12     | Reached skill level 5 in Armour
 22130 | D:12     | Reached XP level 15. HP: 127/127 MP: 25/25
 22419 | D:12     | Found a runed translucent gate.
 22420 | D:12     | Noticed IdlyInterested's ghost (novice DsFi)
 22421 | D:12     | Found a runed translucent gate.
 22422 | D:12     | Found a runed translucent gate.
 22802 | D:12     | Killed IdlyInterested's ghost
 23797 | D:13     | Found a hazy altar of Hepliaklqana.
 23887 | D:13     | Found a gate to the Vaults.
 24042 | D:14     | Found an opulent altar of Gozag.
 24383 | D:14     | Found a portal to a secret trove of treasure.
 25460 | D:15     | Entered Level 15 of the Dungeon
 25989 | D:15     | Reached skill level 10 in Transmutations
 26000 | D:15     | Reached skill level 10 in Unarmed Combat
 26437 | D:15     | Found a staircase to the Depths.
 26507 | D:15     | Found a sparkling altar of Nemelex Xobeh.
 26990 | Spider:1 | Entered Level 1 of the Spider Nest
 27008 | Spider:1 | Reached skill level 5 in Shields
 27015 | Spider:1 | Reached XP level 16. HP: 123/134 MP: 9/26
 27216 | Spider:1 | Noticed Azrael
 27234 | Spider:1 | Killed Azrael
 27587 | Spider:2 | Paralysed by a jorogumo for 3 turns
 28519 | Spider:2 | Found the +6 arbalest "Damnation" {damnation}
 28985 | Spider:2 | Noticed Arachne
 29002 | Spider:2 | Killed Arachne
 30462 | Spider:3 | Reached XP level 17. HP: 24/140 MP: 20/27
 31055 | Spider:4 | Entered Level 4 of the Spider Nest
 31196 | Spider:4 | Reached skill level 1 in Crossbows
 31205 | Spider:4 | Reached skill level 1 in Air Magic
 31481 | Spider:4 | Noticed Aizul
 31526 | Spider:4 | Killed Aizul
 32018 | Spider:4 | Noticed Roxanne
 32028 | Spider:4 | Killed Roxanne
 32058 | Spider:4 | Learned a level 6 spell: Statue Form
 32459 | Spider:4 | Reached skill level 5 in Crossbows
 33242 | Spider:4 | Got a gossamer rune of Zot
 33854 | D:4      | Bought a scarf of resistance for 320 gold pieces
 34088 | Shoals:1 | Entered Level 1 of the Shoals
 34400 | Shoals:1 | Noticed a kraken
 34407 | Shoals:1 | Killed a kraken
 35752 | Shoals:3 | Noticed a kraken
 35957 | Shoals:3 | Reached XP level 18. HP: 147/148 MP: 29/29
 36012 | Shoals:3 | Noticed Polyphemus
 36021 | Shoals:3 | Killed Polyphemus
 36404 | Shoals:3 | Found Gibodis's Goods Gallery.
 36494 | Shoals:4 | Entered Level 4 of the Shoals
 36855 | Shoals:4 | Reached skill level 12 in Fighting
 38127 | Shoals:4 | Got a barnacled rune of Zot
 38171 | Shoals:4 | Found Okluaf's Magic Scroll Emporium.
 38183 | Shoals:4 | Bought a scroll of enchant armour for 105 gold pieces
 38183 | Shoals:4 | Bought a scroll of acquirement for 728 gold pieces
 38183 | Shoals:4 | Bought a scroll of teleportation for 42 gold pieces
 38183 | Shoals:4 | Acquired the +3 barding "Looc Vimn" {rElec rN+ Int+4
                  | Slay+2}
 38346 | Shoals:4 | Identified the ring of Daqisism {EV+4 Dex+6}
 38875 | D:11     | Bought a +2 robe of willpower for 247 gold pieces
 38967 | Vaults:1 | Entered Level 1 of the Vaults
 39151 | Vaults:1 | Reached skill level 10 in Dodging
 40073 | Vaults:1 | Found a runed translucent gate.
 40073 | Vaults:1 | Found a runed translucent gate.
 40073 | Vaults:1 | Found a runed translucent gate.
 40075 | Vaults:1 | Noticed Vatovie's ghost (veteran MiFi)
 40501 | Vaults:2 | Reached XP level 19. HP: 51/158 MP: 13/31
 40620 | Vaults:2 | Identified the +3 kite shield "Hap Opukon" {Harm Str-2
                  | Int+4}
 40882 | Vaults:2 | Noticed Sojobo
 40891 | Vaults:2 | Paralysed by an air elemental for 1 turns
 40896 | Vaults:2 | Killed Sojobo
 41968 | Vaults:3 | Reached skill level 1 in Earth Magic
 41973 | Vaults:3 | Reached skill level 13 in Fighting
 42983 | Vaults:3 | Found a basalt altar of Yredelemnul.
 42988 | Vaults:3 | Found a staircase to the Crypt.
 42989 | Vaults:3 | Found an ancient bone altar of Kikubaaqudgha.
 43104 | Vaults:3 | Reached XP level 20. HP: 133/167 MP: 30/33
 43207 | Vaults:3 | Reached skill level 5 in Earth Magic
 43748 | Vaults:4 | Reached skill level 10 in Armour
 43838 | Vaults:4 | Found Jacaykirph's Armour Emporium.
 45790 | Depths:1 | Entered Level 1 of the Depths
 45830 | Depths:1 | Found a flickering gateway to a bazaar.
 45849 | Bazaar   | Entered a bazaar
 45864 | Bazaar   | Found Zushul's Armour Shoppe.
 45864 | Bazaar   | Found Ilufeur's Jewellery Emporium.
 45886 | Bazaar   | Found Xyropo's Antique Weapon Shoppe.
 45902 | Bazaar   | Found Kenn's Armour Shoppe.
 45938 | Bazaar   | Bought a dazzling dagger for 168 gold pieces
 45938 | Bazaar   | Identified the +8 dagger "Zeofaff" {flame, Str+4} (You
                  | bought it in a shop in a bazaar)
 45954 | Bazaar   | Bought a +2 helmet of intelligence for 258 gold pieces
 45974 | Bazaar   | Bought the ring "Naes Tucw" {rF+ Dex+6 SInv} for 843 gold
                  | pieces
 46028 | Depths:1 | Found a magical portal.
 46050 | Depths:1 | Learned a level 7 spell: Dragon Form
 46077 | Depths:1 | Found a gateway to Hell.
 46089 | WizLab   | Entered Iskenderun's Mystic Tower
 46208 | WizLab   | Reached skill level 14 in Fighting
 47045 | WizLab   | Got A Thorough Guide to the Arcane Arts
 47062 | WizLab   | Got Iskenderun's Incunabulum of Conjuration
 47062 | WizLab   | Got Iskenderun's Disquisition on Arcane Weapons
 47077 | WizLab   | Got Sif Muna's Handbook of the Rocks and Flight
 47204 | Depths:1 | Found Gup Liab's Antique Armour Shop.
 47206 | Depths:1 | Found Tael's Assorted Antiques.
 47208 | Depths:1 | Found Poarrunu's Armour Shop.
 47341 | Depths:1 | Reached XP level 21. HP: 176/176 MP: 26/34
 47358 | Depths:1 | Bought a pitted leather armour for 308 gold pieces
 47358 | Depths:1 | Identified the +0 leather armour of the Amoeba {*Slow rF+
                  | rN+ Regen+} (You bought it in a shop on level 1 of the
                  | Depths)
 47358 | Depths:1 | Bought a jasper-encrusted scale mail for 396 gold pieces
 47358 | Depths:1 | Identified the +9 scale mail of Awitof {rC++} (You bought
                  | it in a shop on level 1 of the Depths)
 47399 | Depths:1 | Bought a potion of curing for 129 gold pieces
 47691 | Depths:1 | Noticed Louise
 47692 | Depths:1 | Found a one-way gate to the infinite horrors of the Abyss.
 47703 | Depths:1 | Killed Louise
 47704 | Depths:1 | Noticed Saint Roka
 47785 | Depths:1 | Killed Saint Roka
 47959 | Depths:1 | Found Epuh's Antique Armour Shop.
 47962 | Depths:1 | Found Teschitof's Jewellery Shoppe.
 48403 | Depths:1 | Found Mablulad's Jewellery Shop.
 48557 | Depths:2 | Noticed a caustic shrike
 48565 | Depths:2 | Killed a caustic shrike
 48573 | Depths:2 | Reached skill level 15 in Unarmed Combat
 49306 | Depths:2 | Found a one-way gate leading to the halls of Pandemonium.
 49315 | Depths:2 | Reached skill level 10 in Shields
 49816 | Depths:2 | Identified the +5 ring mail of the Guild-Master {Str+5
                  | Stlth-}
 50053 | Depths:2 | Identified the +3 falchion of Compound Interest {freeze,
                  | Str+3}
 50326 | Depths:3 | Reached XP level 22. HP: 164/186 MP: 35/35
 50388 | Depths:3 | Reached skill level 15 in Transmutations
 50863 | Depths:3 | Paralysed by a vampire knight for 6 turns
 50871 | Depths:3 | Reached skill level 15 in Fighting
 50942 | Depths:3 | Identified the +11 great sword "Rotuac" {holy, rPois rC++
                  | Dex+3}
 51386 | Depths:3 | Found a runed door.
 51532 | Depths:3 | Cast into level 2 of the Abyss (a deep elf demonologist)
 51778 | Abyss:2  | Found a corrupted altar of Lugonu.
 51913 | Abyss:2  | Found a corrupted altar of Lugonu.
 52473 | Depths:3 | Escaped the Abyss
 52692 | Depths:3 | Cast into level 2 of the Abyss (a deep elf sorcerer)
 52712 | Abyss:2  | Found a corrupted altar of Lugonu.
 52730 | Abyss:2  | Found a transporter.
 52734 | Abyss:2  | Found a corrupted altar of Lugonu.
 52739 | Abyss:2  | Found a transporter.
 52749 | Abyss:2  | Paralysed by accursed screaming for 1 turns
 52775 | Abyss:2  | Identified the ring of Naddoimu {rF+ rN+ Will+ Stlth+}
 52833 | Abyss:2  | Found a transporter.
 53029 | Depths:3 | Escaped the Abyss
 53181 | Depths:3 | Noticed an ancient lich
 53182 | Depths:3 | Identified the +4 whip of Otitreo {antimagic, rElec rF+ rN+
                  | Will-}
 53182 | Depths:3 | Identified the +0 cloak of Indomitability {+Inv rF+ Int+2}
 53182 | Depths:3 | Noticed a dread lich
 53255 | Depths:3 | Killed an ancient lich
 53752 | Depths:3 | Killed a dread lich
 53769 | Depths:3 | Got the Guide on Creation and Poisoning
 53884 | Depths:1 | Bought a scroll of enchant armour for 322 gold pieces
 53982 | D:14     | You paid a toll of +5 fire dragon scales to enter a
                  | treasure trove
 53983 | Trove    | Entered a treasure trove
 54000 | Trove    | Identified the ring of Traps {MP+9 Int+5 SInv}
 54009 | Trove    | Identified the ring "Ypeh" {+Blink rElec rF+ AC+4}
 54023 | Trove    | Identified the amulet "Haeluoli" {Spirit rF+ Str+7 Int-2
                  | Stlth+}
 54026 | Trove    | Identified the ring of Lies {MP+9 Str+2 Slay+2}
 54029 | Trove    | Identified the ring "Quqedaduff" {rPois Dex+2 Slay+4}
 54032 | Trove    | Identified the amulet of Lanwiuf {Faith Fragile rC++ Will+}
 54034 | Trove    | Identified the ring of the Dragon {rPois rN+ rCorr MP+9}
 54087 | D:14     | Acquired a manual of Fighting
 54194 | Elf:1    | Entered Level 1 of the Elven Halls
 54248 | Elf:1    | Noticed rrossfarrar's ghost (adept FeBe)
 54267 | Elf:1    | Found a runed translucent door.
 54526 | Elf:1    | Got the Collected Works on Sinister Rites
 54928 | Elf:1    | Killed rrossfarrar's ghost
 55188 | Elf:2    | Found a runed translucent gate.
 55188 | Elf:2    | Found a runed translucent gate.
 55190 | Elf:2    | Found a runed translucent gate.
 55260 | Elf:2    | Reached skill level 16 in Fighting
 55715 | Elf:3    | Entered Level 3 of the Elven Halls
 55733 | Elf:3    | Paralysed by an air elemental for 1 turns
 55951 | Elf:3    | Cast into level 4 of the Abyss (+2 hand axe of distortion)
 56114 | Abyss:4  | Paralysed by accursed screaming for 1 turns
 56148 | Abyss:4  | Paralysed by accursed screaming for 1 turns
 56205 | Elf:3    | Escaped the Abyss
 57164 | Elf:3    | Reached XP level 23. HP: 104/199 MP: 36/36
 57302 | Elf:3    | Reached skill level 17 in Fighting
 57420 | Elf:3    | Found the +3 Elemental Staff {rElec rF++ rC++ AC+5}
 57426 | Elf:3    | Identified the +1 robe "Esekyidd" {Rampage Will- Int+6
                  | Stlth+}
 57440 | Elf:3    | Got the Volume of Envenoming and the Frostbite
 57472 | Elf:3    | Identified the +6 arbalest of Fingeang {penet, Fly Stlth+}
 57480 | Elf:3    | Identified the ring "Wiorghol" {+Blink rN++ Will+ Str-5
                  | Int+6}
 57487 | Elf:3    | Identified the +11 short sword of Accord {speed, rElec rN+}
 57896 | Depths:1 | Bought a scroll of blinking for 322 gold pieces
 57896 | Depths:1 | Bought a potion of mutation for 344 gold pieces
 57904 | Depths:1 | Bought the +3 crown of Dyrovepreva {rElec Int+2 SInv} for
                  | 455 gold pieces
 57904 | Depths:1 | Found the +3 crown of Dyrovepreva {rElec Int+2 SInv}
 58182 | Vaults:5 | Entered Level 5 of the Vaults
 58195 | Vaults:5 | Noticed Xtahua
 58196 | Vaults:5 | Noticed Mara
 58196 | Vaults:5 | Noticed cojito's illusion
 58399 | Vaults:5 | Noticed Frederick
 58578 | Vaults:5 | Noticed Boris
 58584 | Vaults:5 | Killed Boris
 58604 | Vaults:5 | Got a silver rune of Zot
 58605 | Vaults:5 | Identified the +5 pair of gloves of the Moon Troll {Str-3
                  | Int+6 Stlth+}
 58642 | Vaults:5 | Reached skill level 18 in Fighting
 58875 | Vaults:5 | Killed Frederick
 58925 | Vaults:5 | Killed Xtahua
 59004 | Vaults:5 | Noticed an ancient lich
 59015 | Vaults:5 | Killed an ancient lich
 59292 | Vaults:5 | Identified the +6 flail "Pupua" {freeze, rF+ rN+}
 59601 | Vaults:5 | Identified the +8 lajatang of Conformity {freeze, rCorr
                  | Str-3 Int+7 Dex+2}
 59601 | Vaults:5 | Identified the ring "Jacoagug" {rPois Str+6 Stlth+}
 59871 | Vaults:5 | Noticed cojito's illusion
 59989 | Vaults:5 | Reached skill level 19 in Fighting
 60226 | Vaults:5 | Got Woobbes's Volume of the Cloudy Frostbite
 60339 | Vaults:5 | Killed Mara
 61153 | Depths:4 | Entered Level 4 of the Depths
 61166 | Depths:4 | Reached XP level 24. HP: 206/215 MP: 36/36
 61186 | Depths:4 | Found a one-way gateway to a ziggurat.
 61188 | Depths:4 | Paralysed by a floating eye for 3 turns
 61192 | Depths:4 | Paralysed by a floating eye for 3 turns
 61195 | Depths:4 | Paralysed by a floating eye for 3 turns
 61424 | Depths:4 | Found a gate to the Realm of Zot.
 61829 | Depths:4 | Acquired 699 gold pieces
 61839 | Depths:4 | Identified the +4 demon whip of Wavvimm {vamp, SInv}
 62201 | Zot:1    | Entered Level 1 of the Realm of Zot
 62468 | Zot:1    | Identified the +4 quarterstaff "Orb Guardian's Foe"
                  | {freeze, Int+3}
 62895 | Zot:1    | Noticed an orb of fire
 64504 | Zot:2    | You fall into a shaft and drop 1 floor!
 64716 | Zot:3    | Noticed an orb of fire
 64953 | Zot:2    | Reached skill level 20 in Fighting
 65144 | Zot:2    | Noticed an orb of fire
 65147 | Zot:2    | Gained mutation: You have hidden genetic defects. [an orb
                  | of fire]
 65149 | Zot:2    | Killed an orb of fire
 65646 | Zot:2    | Identified the +0 plate armour "Xeutu" {Regen+}
 65909 | Zot:3    | Reached XP level 25. HP: 225/225 MP: 30/36
 66174 | Zot:3    | Killed an orb of fire
 66189 | Zot:3    | Gained mutation: You are weak. (Str -2) [hidden defects]
 66249 | Zot:3    | Lost mutation: You are weak. (Str -2) [potion of mutation]
 66249 | Zot:3    | Lost mutation: You have sharp fingernails. [potion of
                  | mutation]
 66249 | Zot:3    | Gained mutation: Your body sometimes deteriorates upon
                  | taking damage. [potion of mutation]
 66249 | Zot:3    | Gained mutation: Your flesh is very cold resistant. (rC++)
                  | [potion of mutation]
 66250 | Zot:3    | Lost mutation: Your body sometimes deteriorates upon taking
                  | damage. [potion of mutation]
 66250 | Zot:3    | Lost mutation: You have hidden genetic defects. [potion of
                  | mutation]
 66250 | Zot:3    | Lost mutation: Your mind is acute. (Int +2) [potion of
                  | mutation]
 66250 | Zot:3    | Gained mutation: Your magical capacity is low. (-10% MP)
                  | [potion of mutation]
 66250 | Zot:3    | Gained mutation: Your flesh is almost immune to the effects
                  | of cold. (rC+++) [potion of mutation]
 66709 | Zot:4    | Reached skill level 15 in Armour
 67822 | Zot:5    | Entered Level 5 of the Realm of Zot
 68058 | Zot:5    | Identified the +6 battleaxe "Washan" {vorpal, Str+8 Int+3
                  | Dex-2 Stlth-}
 68339 | Zot:5    | Noticed an ancient lich
 68350 | Zot:5    | Killed an ancient lich
 68353 | Zot:5    | Reached skill level 15 in Dodging
 68373 | Zot:5    | Noticed an ancient lich
 68376 | Zot:5    | Noticed an orb of fire
 68380 | Zot:5    | Killed an ancient lich
 68385 | Zot:5    | Gained mutation: You have large cloven feet. [an orb of
                  | fire]
 68393 | Zot:5    | Killed an orb of fire
 68449 | Zot:5    | Noticed a Killer Klown
 68454 | Zot:5    | Killed a Killer Klown
 68556 | Zot:5    | Noticed an orb of fire
 68559 | Zot:5    | Gained mutation: You occasionally shout uncontrollably at
                  | your foes. [an orb of fire]
 68559 | Zot:5    | Noticed an orb of fire
 68559 | Zot:5    | Noticed an orb of fire
 68564 | Zot:5    | Killed an orb of fire
 68564 | Zot:5    | Gained mutation: Your spells are a little easier to cast,
                  | but a little less powerful. [an orb of fire]
 68568 | Zot:5    | Killed an orb of fire
 68568 | Zot:5    | Noticed a Killer Klown
 68575 | Zot:5    | Noticed an ancient lich
 68575 | Zot:5    | Noticed an orb of fire
 68575 | Zot:5    | Noticed an orb of fire
 68575 | Zot:5    | Noticed an orb of fire
 68575 | Zot:5    | Lost mutation: Your spells are a little easier to cast, but
                  | a little less powerful. [an orb of fire]
 68575 | Zot:5    | Noticed an orb of fire
 68575 | Zot:5    | Noticed a Killer Klown
 68575 | Zot:5    | Noticed a Killer Klown
 68576 | Zot:5    | Gained mutation: You have hidden genetic defects. [an orb
                  | of fire]
 68578 | Zot:5    | Noticed an ancient lich
 68705 | Zot:4    | Lost mutation: Your magical capacity is low. (-10% MP)
                  | [potion of mutation]
 68705 | Zot:4    | Lost mutation: You have large cloven feet. [potion of
                  | mutation]
 68705 | Zot:4    | Gained mutation: Your magical capacity is low. (-10% MP)
                  | [potion of mutation]
 68705 | Zot:4    | Gained mutation: You have a pair of small antennae on your
                  | head. [potion of mutation]
 68706 | Zot:4    | Lost mutation: You have a pair of small antennae on your
                  | head. [potion of mutation]
 68706 | Zot:4    | Lost mutation: Your flesh is almost immune to the effects
                  | of cold. (rC+++) [potion of mutation]
 68706 | Zot:4    | Lost mutation: You have hidden genetic defects. [potion of
                  | mutation]
 68706 | Zot:4    | Gained mutation: Your body sometimes deteriorates upon
                  | taking damage. [potion of mutation]
 68706 | Zot:4    | Gained mutation: You have hidden genetic potential. [potion
                  | of mutation]
 68706 | Zot:4    | Gained mutation: You can roll at foes to attack. [potion of
                  | mutation]
 68707 | Zot:4    | Lost mutation: Your magical capacity is low. (-10% MP)
                  | [potion of mutation]
 68707 | Zot:4    | Lost mutation: You can roll at foes to attack. [potion of
                  | mutation]
 68707 | Zot:4    | Lost mutation: You have hidden genetic potential. [potion
                  | of mutation]
 68707 | Zot:4    | Gained mutation: Your body often deteriorates upon taking
                  | damage. [potion of mutation]
 68708 | Zot:4    | Lost mutation: Your body often deteriorates upon taking
                  | damage. [potion of mutation]
 68708 | Zot:4    | Lost mutation: Your flesh is very cold resistant. (rC++)
                  | [potion of mutation]
 68708 | Zot:4    | Gained mutation: You have a pair of small horns on your
                  | head. [potion of mutation]
 68717 | Zot:5    | Gained mutation: You have hidden genetic defects. [an orb
                  | of fire]
 68718 | Zot:5    | Gained mutation: You are frail. (-10% HP) [an orb of fire]
 68719 | Zot:5    | Killed an orb of fire
 68762 | Zot:5    | Gained mutation: You sometimes lose the ability to read
                  | scrolls when taking damage. [an orb of fire]
 68769 | Zot:4    | Gained mutation: You frequently scream uncontrollably at
                  | your foes. [an orb of fire]
 68770 | Zot:4    | Killed an orb of fire
 68940 | Zot:4    | Killed an orb of fire
 68971 | Zot:5    | Killed a Killer Klown
 69047 | Zot:5    | Lost mutation: Your flesh is cold resistant. (rC+) [potion
                  | of mutation]
 69047 | Zot:5    | Lost mutation: You are frail. (-10% HP) [potion of
                  | mutation]
 69047 | Zot:5    | Lost mutation: You have hidden genetic defects. [potion of
                  | mutation]
 69095 | Zot:5    | Reached skill level 21 in Fighting
 69184 | Zot:5    | Killed an ancient lich
 69185 | Zot:5    | Reached XP level 26. HP: 237/237 MP: 33/36
 69314 | Zot:5    | Got the Orb of Zot
 69343 | Zot:5    | Reached skill level 15 in Shields
 69376 | Zot:5    | Noticed Addi the pandemonium lord
 69424 | Zot:4    | Gained mutation: Your body often deteriorates upon taking
                  | damage. [a neqoxec]
 69707 | Depths:1 | Noticed Zesofa the pandemonium lord
 69715 | Depths:1 | Killed Zesofa the pandemonium lord
 70139 | D:2      | Reached skill level 10 in Invocations
 70251 | D:1      | Noticed Suentiuq the pandemonium lord
 70260 | D:1      | Killed Suentiuq the pandemonium lord
 70338 | D:$      | Escaped with the Orb!

Illustrated notes

Levels and vault maps discovered:
D:1:      onia_arrival_zoo_common, layout_loops_ring,
          shapermc_ecumenical_altar_mp_ritualfount, grunt_decor_mini_mirrors
D:2:      layout_rooms, basic_altar, grunt_decor_one_mirror, minmay_lizard_pond
D:3:      layout_loops_cross, uniq_ijyb
D:4:      layout_loops_cross, nicolae_shop_sticking_my_neck_out,
          uniq_blork_the_orc
D:5:      layout_cave_pods, general_overflow_altar, gup_sewer_entry_bubbles,
          uniq_pikel
D:6:      corexii_shack_village, layout_basic, minmay_temple_entry_stoned_glass,
          nicolae_fountain_basement
D:7:      layout_loops_ring
D:8:      layout_basic
D:9:      cheibrodos_ideogram_h, layout_basic, enter_bailey_5,
          hangedman_weighted_door, minmay_fire_ice_demons
D:10:     layout_small_grid, kennysheep_okawaru_gauntlet,
          nicolae_ashenzari_skybound, lair_entry_dummy, uniq_urug,
          uniq_nergalle, uniq_maggie
D:11:     layout_rooms, orc_david_3
D:12:     layout_roguey, biasface_ghost_orc_armoury, minmay_bent
D:13:     layout_cave_pools, david_vaults_4, serial_column_ruins,
          column_ruins_square_large, column_ruins_grid_4, column_ruins_grid_3,
          column_ruins_open_tiny, column_ruins_columns_straight,
          column_ruins_corridor_straight, column_ruins_open_small,
          nicolae_hepliaklqana_monster_ancestors
D:14:     layout_layer_cave, nicolae_gozag_cash_rules_everything_around_me,
          enter_trove_5
D:15:     hangedman_depths_entry_try_elsewhere_first, layout_irregular_city,
          nemelex_lonely_heart_becter
Lair:1:   layout_small_grid, minmay_holes
Lair:2:   layout_regular_city, chequers_serial_rivers_small_3
Lair:3:   layout_gridlike, spider_nest_entry_funnel_web, grunt_megastairs_5,
          lemuel_fruit_fields
Lair:4:   layout_hall_layers, minmay_shoals_entry_hut,
          ebering_ghost_disaster_area, hibernation_bobbens
Lair:5:   beast_lair_carwin_large_1, layout_regular_city, slime_dummy,
          serial_bayou_shore_b
Lair:6:   cheibrodos_lair_end_hotspot, layout_hall_layers,
          nicolae_volcano_entry_two_sided, kennysheep_basilisk_garden
Shoals:1: layout_shoals
Shoals:2: layout_shoals
Shoals:3: layout_shoals, nicolae_alphabet_shops, uniq_polyphemus
Shoals:4: shoals_end_hangedman, layout_shoals, serial_shops,
          nicolae_shop_advertising_works [nicolae_subvault_shop_adworks],
          nicolae_shoals_arrival_archipelago
Spider:1: layout_spider_delve, uniq_azrael
Spider:2: layout_chambers, hangedman_spider_tarantella_strand, uniq_arachne
Spider:3: layout_spider_delve, nicolae_orb_stairs
Spider:4: spider_rune_water, uniq_roxanne, uniq_aizul
Orc:1:    layout_caves, portal_ice_cave_entry_ice_simulacra, uniq_erica,
          uniq_josephine
Orc:2:    grunt_orc_cross, layout_diamond_mine, serial_shops,
          nicolae_shop_hallway_plus
Elf:1:    eino_elf_arrival_sip, layout_loops_ring,
          hellmonk_ghost_happy_afterlife, minmay_elf_necromancy,
          serial_sigils_hangedman_gut, dreamdust_princess_bridge
Elf:2:    elven_hall_of_blades_hangedman_original
          [infiniplex_blade_entry_pillars], layout_loops_cross, hex_medium,
          einodemon_armed_red_devil_minivault
Elf:3:    minmay_elf_hall_hex, layout_loops_corners, minmay_misc_feat_ornament
Vaults:1: gammafunk_ghost_spectres, hangedman_vaults_pinch,
          hangedman_vaults_nails, nicolae_vaults_what_the_h, st_cross,
          hangedman_vaults_impose, nicolae_vaults_little_squares_6,
          vaults_room_hallway, v_misc_8, nicolae_vaults_specimen_jars,
          layout_vaults_big_cross
Vaults:2: v_misc_14, vaults_room_hangedman_quadrants,
          nicolae_vaults_little_squares_3, vaults_dpeg_ring, v_misc_22,
          ontoclasm_vaults_loading_screen, layout_vaults_omnigrid, uniq_sojobo
Vaults:3: grunt_vaults_twisty, vaults_room_pool,
          nicolae_vaults_little_squares_5, st_check,
          nicolae_vaults_border_crossing, minmay_crypt_entry_necro_gods,
          hangedman_vaults_corner, v_pattern_3, hangedman_vaults_stream,
          grunt_vaults_focal, ontoclasm_vaults_decontamination,
          vaults_room_hallway, layout_vaults_ring
Vaults:4: v_misc_15, hangedman_vaults_impose, vaults_dpeg_diagonal, v_rooms_4,
          v_alt_pattern_3, st_lattice, nicolae_vaults_circle_grid_b,
          ontoclasm_vaults_claustrophobia, hangedman_vaults_cutoff,
          nicolae_vaults_three_branches, hangedman_vaults_hat,
          vaults_dpeg_cross, layout_vaults_chaotic_city, serial_shops,
          nicolae_shop_window_shopping
Vaults:5: serial_shops, uniq_boris, uniq_frederick, uniq_mara, uniq_xtahua
Depths:1: layout_cave_shapes, nicolae_abyss_entry_one_way_or_another,
          serial_shops, freezing_bzr, shop_statue, shop, shop,
          nicolae_lava_and_water, grunt_hell_horde, mu_enter_wizlab_4,
          minmay_misc_feat_cross, patterned_corridor, minmay_shop_star,
          uniq_saint_roka
Depths:2: minmay_the_grid_square_5x5_5x5_mashed
          [minmay_the_grid_square_5x5_three, minmay_the_grid_square_5x5_minimal,
          minmay_the_grid_square_5x5_n_small,
          minmay_the_grid_square_5x5_detours, minmay_the_grid_square_5x5_inset,
          minmay_the_grid_square_5x5_hourglass,
          minmay_the_grid_square_5x5_prize_rear_guard,
          minmay_the_grid_square_5x5_broken_cross,
          minmay_the_grid_square_5x5_prize_deathbox,
          minmay_the_grid_square_5x5_one_wall,
          minmay_the_grid_square_5x5_percent,
          minmay_the_grid_square_5x5_three_walls,
          minmay_the_grid_square_5x5_prize_waves,
          minmay_the_grid_square_5x5_inverted_slash,
          minmay_the_grid_square_5x5_fancy_junction,
          minmay_the_grid_square_5x5_bite,
          minmay_the_grid_square_5x5_prize_itemx,
          minmay_the_grid_square_5x5_doubleslash,
          minmay_the_grid_square_5x5_prize_pseudospiral,
          minmay_the_grid_square_5x5_lines, minmay_the_grid_square_5x5_two,
          minmay_the_grid_square_5x5_minibox, minmay_the_grid_square_5x5_spiral,
          minmay_the_grid_square_5x5_eight, minmay_the_grid_square_5x5_shrine2],
          layout_cave_shapes, hell_entry, grunt_pan_entry_zigzag,
          chequers_serial_rivers_small_3, minmay_staircase_windowed_small,
          serial_bayou_shore_b
Depths:3: evilmike_wizard_prison, layout_gridlike, hellmouth_3, abyss_entry,
          minmay_staircase_bubble, grunt_ministairs_9,
          kennysheep_generic_room_11
Depths:4: grunt_zot_entry_bicorn, layout_gridlike, enter_ziggurat_c,
          abyss_entry_crystal, hellmouth_1, bh_walls_and_bars
Zot:1:    nicolae_moth_party, layout_cathedral_of_symmetry, nrook_zot_tub
Zot:2:    layout_misc_corridors, st_large_dragon_hoard_3
Zot:3:    layout_misc_corridors, grunt_ministairs_8
Zot:4:    layout_basic, grunt_megastairs_4
Zot:5:    layout_cathedral_of_symmetry

Skill      XL: |  1  2  3  4  5  6  7  8  9 10 11 12 13 14 15 16 17 18 19 20 21 22 23 24 25 26 |
---------------+-------------------------------------------------------------------------------+-----
Fighting       | 3 4 5 6 7 8 9 10 11 12 13 14 16 19 20 21 | 21.2
Short Blades   | 3 4 5 6 7 8 9 |  9.0
Dodging        | 2 3 4 5 6 7 8 9 10 11 12 13 14 15 | 15.6
Hexes          | 2 4 |  4.0
Translocations | 4 5 |  5.0
Throwing       | 1 3 4 5 6 |  6.0
Ice Magic      | 2 4 5 |  5.2
Spellcasting   | 4 5 6 7 8 9 |  9.0
Conjurations   | 2 3 |  3.0
Poison Magic   | 2 3 |  3.0
Invocations    | 1 5 6 7 8 10 | 10.3
Stealth        | 1 3 |  3.0
Unarmed Combat | 1 5 8 10 12 13 14 15 16 17 18 19 | 19.1
Transmutations | 1 5 8 10 12 13 14 15 16 | 16.0
Armour         | 5 6 7 8 9 10 11 12 14 16 | 16.8
Shields        | 1 5 7 8 10 11 13 14 15 | 15.2
Crossbows      | 7 8 9 |  9.9
Air Magic      | 3 |  3.0
Earth Magic    | 4 7 8 |  8.0

Action                   |  1- 3 |  4- 6 |  7- 9 | 10-12 | 13-15 | 16-18 | 19-21 | 22-24 | 25-27 || total
-------------------------+-------+-------+-------+-------+-------+-------+-------+-------+-------++-------
Melee: Short sword       |    55 |       |       |    18 |   112 |       |       |       |       ||   185
       Tailslap          |    16 |    15 |    41 |    79 |   226 |   122 |   201 |   387 |   155 ||  1242
       Dagger            |    88 |   113 |   274 |    45 |       |       |       |       |       ||   520
       Punch             |     1 |     1 |     4 |     5 |    58 |    47 |    37 |       |       ||   153
       War axe           |       |       |     6 |   220 |   119 |       |       |       |       ||   345
       Mace              |       |       |       |    77 |    31 |       |       |       |       ||   108
       Unarmed           |       |       |       |       |   753 |   616 |   775 |  1629 |   520 ||  4293
       Arbalest          |       |       |       |       |       |     1 |       |       |       ||     1
       Kick              |       |       |       |       |       |       |       |       |    27 ||    27
       Headbutt          |       |       |       |       |       |       |       |       |    76 ||    76
 Fire: Hand crossbow     |       |       |     8 |       |       |       |       |       |       ||     8
       Shortbow          |       |       |       |       |    50 |       |       |       |       ||    50
       Arbalest          |       |       |       |       |       |   277 |   262 |       |       ||   539
Throw: Boomerang         |     6 |       |       |    36 |       |       |       |       |       ||    42
       Javelin           |       |     1 |    26 |    24 |    46 |     7 |     9 |       |     3 ||   116
       Dart              |       |       |     5 |       |       |       |       |       |       ||     5
 Cast: Portal Projectile |       |       |     2 |     2 |    16 |    38 |    26 |       |       ||    84
       Ozocubu's Armour  |       |       |       |    13 |    19 |     4 |     1 |       |       ||    37
       Teleport Other    |       |       |       |     2 |       |       |       |       |       ||     2
       Blink             |       |       |       |     1 |       |     5 |     4 |       |     1 ||    11
       Mephitic Cloud    |       |       |       |    11 |    19 |     9 |    21 |     1 |       ||    61
       Ice Form          |       |       |       |       |     7 |       |       |       |       ||     7
       Blade Hands       |       |       |       |       |    25 |    99 |    28 |       |     1 ||   153
       Statue Form       |       |       |       |       |       |       |    39 |   107 |    57 ||   203
Invok: Slouch            |       |       |       |     5 |    26 |    24 |    19 |    12 |       ||    86
       Temporal Distorti |       |       |       |       |     1 |       |     4 |       |       ||     5
       Step From Time    |       |       |       |       |       |       |       |       |     3 ||     3
 Abil: Rolling Charge    |     2 |    11 |    25 |    36 |   119 |    69 |    66 |   236 |    48 ||   612
       End Transformatio |       |       |       |       |    29 |    90 |    56 |    96 |    53 ||   324
Evoke: Wand              |       |    10 |    38 |    17 |    13 |    12 |    18 |     4 |    15 ||   127
       Tin of tremorston |       |       |       |     3 |     3 |       |     1 |     3 |       ||    10
       Box of beasts     |       |       |       |       |       |     1 |       |       |       ||     1
       Condenser vane    |       |       |       |       |       |       |     1 |     3 |       ||     4
  Use: Scroll            |     4 |     1 |     9 |     9 |    31 |    13 |    17 |    24 |     9 ||   117
       Potion            |       |     1 |     1 |     5 |    11 |    23 |    10 |    14 |    31 ||    96
 Stab: Sleeping          |     1 |     1 |       |       |     5 |       |       |     4 |     2 ||    13
       Distracted        |     1 |       |       |     1 |     1 |       |     2 |     5 |       ||    10
       Paralysed         |       |       |     2 |     7 |       |     2 |       |       |       ||    11
       Confused          |       |       |       |    21 |    34 |     4 |    14 |     1 |       ||    74
       Invisible         |       |       |       |       |       |     6 |       |       |       ||     6
Armor: Leather armour    |    48 |    34 |    81 |       |       |       |       |    82 |       ||   245
       Skin              |       |     6 |       |       |    27 |       |   114 |   357 |   183 ||   687
       Steam dragon scal |       |       |     1 |    29 |       |       |       |       |       ||    30
       Acid dragon scale |       |       |       |   142 |    58 |       |       |       |       ||   200
       Plate armour      |       |       |       |       |   641 |   610 |       |       |       ||  1251
       Robe              |       |       |       |       |       |    52 |   174 |   128 |       ||   354
       Quicksilver drago |       |       |       |       |       |       |       |     1 |    47 ||    48
Dodge: Dodged            |    73 |    43 |   112 |   386 |   741 |   780 |   865 |  1048 |   414 ||  4462
Block: Tower shield      |       |       |       |       |   123 |    11 |   619 |  1859 |   666 ||  3278

Table legend: (Time is in decaauts)
 A = Elapsed time spent in this place.
 B = Non-inter-level travel time spent in this place.
 C = Inter-level travel time spent in this place.
 D = Time resting spent in this place.
 E = Time spent auto-exploring this place.
 F = Levels seen in this place.
 G = Mean time per level.
                   A        B        C        D        E       F      G
               +--------+--------+--------+--------+--------+-----+--------+
         Total | 105261 |  94061 |  11200 |  13860 |  53905 |  57 | 1846.7 |
       Dungeon |  26837 |  22430 |   4407 |   3096 |  15178 |  15 | 1789.1 |
          Lair |  11242 |   9930 |   1312 |    409 |   7922 |   6 | 1873.7 |
        Shoals |   7076 |   6095 |    981 |   1290 |   3681 |   4 | 1769.0 |
   Spider Nest |   8829 |   7953 |    876 |   2246 |   4042 |   4 | 2207.2 |
  Orcish Mines |   2968 |   2755 |    213 |    121 |   1871 |   2 | 1484.0 |
   Elven Halls |   5545 |   5189 |    356 |    377 |   3490 |   3 | 1848.3 |
        Vaults |  14915 |  13922 |    993 |   1930 |   7659 |   5 | 2983.0 |
        Depths |  11125 |   9775 |   1350 |   1210 |   5136 |   4 | 2781.2 |
           Zot |  11117 |  10409 |    708 |   2318 |   4507 |   5 | 2223.4 |
         Abyss |   2386 |   2386 |      0 |    357 |     25 |   3 |  795.3 |
        Bazaar |    318 |    318 |      0 |      0 |    121 |   1 |  318.0 |
         Trove |    156 |    156 |      0 |      0 |      2 |   1 |  156.0 |
         Sewer |    141 |    141 |      0 |      0 |     78 |   1 |  141.0 |
      Ice Cave |    851 |    851 |      0 |    187 |     29 |   1 |  851.0 |
       Volcano |    354 |    354 |      0 |     13 |    159 |   1 |  354.0 |
        Wizlab |   1396 |   1396 |      0 |    301 |      0 |   1 | 1396.0 |
               +--------+--------+--------+--------+--------+-----+--------+

Top non-repeatable levels by time:
Depths:3: 3832 daAuts
Vaults:5: 3733 daAuts
Vaults:4: 3723 daAuts
Spider:2: 3264 daAuts
Depths:1: 3161 daAuts
    D:14: 3136 daAuts
   Zot:1: 2866 daAuts
   Elf:3: 2831 daAuts
   Zot:2: 2820 daAuts
  Lair:6: 2678 daAuts
Vaults:3: 2648 daAuts
Shoals:3: 2559 daAuts
Vaults:2: 2514 daAuts
Spider:3: 2362 daAuts
     D:6: 2303 daAuts
